 Dungeon Crawl Stone Soup version 0.26-a0-597-gb535b0901c (webtiles) character file.

Game seed: 3751512100385583770

22 Alarkh the Twirler (level 2, 13/22 HPs)
             Began as a Demonspawn Gladiator on Sept 10, 2020.
             Got out of the dungeon alive.
             The game lasted 00:00:20 (258 turns).

Alarkh the Twirler (Demonspawn Gladiator)            Turns: 258, Time: 00:00:21

Health: 13/22      AC:  4    Str: 14    XL:     2   Next: 68%
Magic:  2/2        EV: 12    Int:  9    God:
Gold:   0          SH:  0    Dex: 14    Spells: 1/1 levels left

rFire    . . .     SeeInvis .   a - +0 quarterstaff
rCold    . . .     Faith    .   (shield currently unavailable)
rNeg     . . .     Spirit   .   b - +0 leather armour
rPois    .         Reflect  .   c - +0 helmet
rElec    .         Harm     .   (no cloak)
rCorr    .                      (no gloves)
MR       .....                  (no boots)
Stlth    +.........             (no amulet)
HPRegen  0.07/turn              (no ring)
MPRegen  0.08/turn              (no ring)

@: no status effects
A: hooves 1
a: no special abilities


You escaped.
You visited 1 branch of the dungeon, and saw 1 of its levels.

Inventory:

Hand Weapons
 a - a +0 quarterstaff (weapon)
Missiles
 d - 3 throwing nets (quivered)
Armour
 b - a +0 leather armour (worn)
 c - a +0 helmet (worn)
Scrolls
 e - a scroll of noise {unknown}
Potions
 f - a potion of invisibility {unknown}


   Skills:
 - Level 2.0 Fighting
 + Level 3.6 Staves
 - Level 1.7 Throwing
 - Level 2.6 Dodging


You had one spell level left.
You didn't know any spells.
Your spell library was empty.

Dungeon Overview and Level Annotations

Branches:
Dungeon (1/15)

Altars:


Innate Abilities, Weirdness & Mutations

You have large cloven feet.


Message History

You are too injured to fight recklessly!
You are too injured to fight recklessly!
You are too injured to fight recklessly!
You are too injured to fight recklessly!
You are too injured to fight recklessly!
You are too injured to fight recklessly!
You closely miss the bat. Your kick misses the bat.
The bat hits you but does no damage. The bat barely misses you.
You hit the bat.
You kill the bat!
Found a short sword.
You see here a bat corpse.
You hit the rat.
You kill the rat!
You see here a bat corpse.
You see here a stone.
You see here 3 stones.
There is a staircase leading out of the dungeon here.
Are you sure you want to leave the Dungeon?
This will make you lose the game!
You have escaped!

##...........# #..#..#.# #
#########'### ##.#..#(####
#######.## #.#..#..(.(
#.>).....# #....#.###(
#........# ##...#.# ##
#........# #...#.# #
#........# #.>.#.#
#........### ##..#.#
##'#######@# #(.#.####
#.#######.########...((..#
#.......................(#
####################.....#
#.....# #.....# #.....#
#######


There were no monsters in sight!

Vanquished Creatures
  2 dart slugs (D:1)
  A leopard gecko (D:1)
  2 bats (D:1)
  2 hobgoblins (D:1)
  A frilled lizard (D:1)
  5 kobolds (D:1)
  5 rats (D:1)
18 creatures vanquished.

Notes
Turn   | Place    | Note
-------+----------+-------------------------------------------
     0 | D:1      | Alarkh the Demonspawn Gladiator began the quest for the
                  | Orb.
     0 | D:1      | Reached XP level 1. HP: 16/16 MP: 1/1
    36 | D:1      | Reached skill level 3 in Staves
   142 | D:1      | Gained mutation: You have large cloven feet. [demonic
                  | ancestry]
   142 | D:1      | Reached XP level 2. HP: 14/22 MP: 2/2
   258 | D:$      | Got out of the dungeon alive.

Illustrated notes

Levels and vault maps discovered:
D:1:      dpeg_arrival_tiny_a, layout_basic, minmay_vboxes

Skill      XL: |  1 |
---------------+----+-----
Staves         | 3 |  3.6
Fighting       | |  2.0
Throwing       | |  1.7
Dodging        | |  2.6

Action                   || total
-------------------------++-------
Melee: Quarterstaff      ||    38
       Kick              ||     4
Armor: Leather armour    ||    11
Dodge: Dodged            ||    39

Table legend: (Time is in decaauts)
 A = Elapsed time spent in this place.
 B = Non-inter-level travel time spent in this place.
 C = Inter-level travel time spent in this place.
 D = Time resting spent in this place.
 E = Time spent auto-exploring this place.
 F = Levels seen in this place.
 G = Mean time per level.
                   A        B        C        D        E       F      G
               +--------+--------+--------+--------+--------+-----+--------+
         Total |    263 |    231 |     32 |      0 |    151 |   1 |  263.0 |
       Dungeon |    263 |    231 |     32 |      0 |    151 |   1 |  263.0 |
               +--------+--------+--------+--------+--------+-----+--------+

Top non-repeatable levels by time:
     D:1: 263 daAuts
